 Dungeon Crawl Stone Soup version 0.17-a0-849-g0c87caa (webtiles) character file.

139218 FedoraBrony69 the Devastator (level 16, -8/88 HPs)
             Began as a Deep Elf Conjurer on Apr 27, 2015.
             Was the Champion of Vehumet.
             Collided with a translucent unnaturally hard rock wall (11 damage)
             ... caused by a wind drake
             ... in a wizard's laboratory.
             The game lasted 03:03:03 (38344 turns).

FedoraBrony69 the Devastator (Deep Elf Conjurer)   Turns: 38344, Time: 03:03:03

Health: -8/88      AC: 13    Str:  6    XL:     16   Next: 73%
Magic:  4/39       EV: 18    Int: 28    God:    Vehumet [******]
Gold:   1772       SH:  6    Dex: 17    Spells: 10 memorised, 1 level left

rFire  + + .     SeeInvis .     l - +7 trident of Premature Burial {venom, rF+ MR+ Int+4}
rCold  x . .     Clarity  .     a - +2 leather armour {MR+}
rNeg   + . .     SustAb   .     u - +0 buckler
rPois  .         Gourm    .     I - +0 helmet
rElec  +         Spirit   .     P - +0 cloak
rCorr  .         Warding  .     L - +0 pair of gloves
rMut   .         Stasis   .     g - +4 pair of boots "Exigh" {rN+ Int-3 Dex+4}
MR     +++..                    (no amulet)
Stlth  ++........               O - ring of fire
                                W - ring of Iter Ira {rElec Dex-2 Slay+2}

@: very slightly contaminated, repel missiles, extremely resistant to hostile
enchantments, unstealthy
A: no striking features
a: Renounce Religion


You were in a wizard's laboratory.
You worshipped Vehumet.
Vehumet was exalted by your worship.
You were hungry.

You visited 5 branches of the dungeon, and saw 27 of its levels.
You also visited: Ossuary and Wizlab.

You collected 2980 gold pieces.
You spent 1208 gold pieces at shops.

Inventory:

Hand weapons
 l - the +7 trident of Premature Burial (weapon) {venom, rF+ MR+ Int+4}
   (You bought it in a shop on level 4 of the Orcish Mines)

   It poisons the flesh of those it strikes.
   It affects your intelligence (+4).
   It protects you from fire.
   It affects your resistance to hostile enchantments.
 o - the +2 dagger of Wrath {freeze, -Tele rPois Int-5 SInv}
   (You bought it in a shop on level 4 of the Dungeon)

   It has been specially enchanted to freeze those struck by it, causing extra
   injury to most foes and up to half again as much damage against particularly
   susceptible opponents.
   It can also slow down cold-blooded creatures.
   It affects your intelligence (-5).
   It protects you from poison.
   It enhances your eyesight.
   It prevents most forms of teleportation.
 y - the cursed +1 flail of the Old World {crush, MR++, unknown}
   (You found it on level 2 of the Elven Halls)

   It inflicts extra damage upon your enemies.
   It affects your resistance to hostile enchantments.
   It has a curse placed upon it.
Armour
 a - a +2 leather armour of magic resistance (worn)
 g - the +4 pair of boots "Exigh" (worn) {rN+ Int-3 Dex+4}
   (You bought it in a shop on level 4 of the Dungeon)

   It affects your intelligence (-3).
   It affects your dexterity (+4).
   It protects you from negative energy.
 u - a +0 buckler (worn)
 I - a +0 helmet (worn)
 L - a +0 pair of gloves (worn)
 P - a +0 cloak (worn)
Magical staves
 h - an uncursed staff of cold
Jewellery
 n - an uncursed ring of positive energy
 O - a ring of fire (right hand)
 W - the ring of Iter Ira (left hand) {rElec Dex-2 Slay+2}
   (You found it on level 9 of the Dungeon)

   [ring of dexterity]

   It affects your dexterity (-2).
   It affects your accuracy and damage with ranged weapons and melee attacks
   (+2).
   It insulates you from electricity.
Magical devices
 e - a wand of draining (7)
 s - a wand of teleportation (0)
Scrolls
 b - a scroll of remove curse
 j - a scroll of brand weapon {unknown}
 k - a scroll of amnesia
 t - a scroll of identify
 z - a scroll of fear
 A - 5 scrolls of magic mapping
 Q - 3 scrolls of silence {unknown}
 S - a scroll of acquirement {unknown}
 X - 3 scrolls of vulnerability {unknown}
Potions
 m - 5 potions of brilliance
 p - 4 potions of haste
 r - a potion of cancellation
 v - 9 potions of restore abilities
 x - 3 potions of agility
 D - 5 potions of might
 E - 4 potions of flight
 G - 3 potions of resistance
 J - a potion of ambrosia {unknown}
 K - a potion of cure mutation
 M - a potion of degeneration {unknown}
Books
 q - Adedeifa's Volume of Calling
   (You found it on level 1 of the Elven Halls)

   Spells                             Type                      Level
   a - Summon Butterflies             Summoning                    1
   b - Summon Small Mammal            Summoning                    1
   c - Call Imp                       Summoning                    2
   d - Summon Ice Beast               Ice/Summoning                4
   e - Summon Hydra                   Summoning                    7
Comestibles
 c - 14 bread rations
 d - 9 beef jerkies
 f - 11 meat rations
 C - 6 royal jellies


   Skills:
 - Level 6.1 Fighting
 - Level 2.3 Armour
 - Level 10.0 Dodging
 - Level 2.4 Stealth
 - Level 6.0 Shields
 - Level 17.2 Spellcasting
 * Level 19.7 Conjurations
 - Level 7.0 Charms
 - Level 6.2 Necromancy
 - Level 14.0 Fire Magic


You had one spell level left.
You knew the following spells:

 Your Spells              Type           Power        Failure   Level  Hunger
a - Fire Storm            Conj/Fire      ########..   75%         9    #######
b - Iskenderun's Battles  Conj/Chrm      #######.     1%          5    None
c - Iskenderun's Mystic   Conj           #######.     0%          4    None
d - Orb of Destruction    Conj           #######...   1%          7    #####..
e - Bolt of Draining      Conj/Necr      #######...   1%          5    None
f - Delayed Fireball      Conj/Fire      N/A          1%          7    #####..
g - Repel Missiles        Chrm/Air       #####.       1%          2    None
h - Iron Shot             Conj/Erth      ######....   2%          6    ###....
i - Summon Butterflies    Summ           ###.....     3%          1    None
m - Sublimation of Blood  Necr           ######....   1%          2    None


Dungeon Overview and Level Annotations

Branches:
Dungeon (11/15)            Temple (1/1) D:4            Lair (8/8) D:10
 Shoals (0/4) Lair:5       Spider (0/4) Lair:3        Slime (0/6) Lair:8
    Orc (4/4) D:11            Elf (3/3) Orc:3

Altars:
Ashenzari
Cheibriados
Dithmenos
Elyvilon
Fedhas
Gozag
Makhleb
Nemelex Xobeh
Okawaru
Ru
Trog
Vehumet
Xom
Yredelemnul
Zin
The Shining One
Beogh
Jiyva

Shops:
D:4 *(   D:8 (   Orc:1 :   Orc:3 %   Orc:4 [(?}

Portals:
Hell: Lair:8


Message History

Confirm with . or Enter, or press ? or * to list all spells.
Your attempt to draw power from your own body fails.
Casting: Sublimation of Blood
Confirm with . or Enter, or press ? or * to list all spells.
Your attempt to draw power from your own body fails.
Read which item? (? for menu, Esc to quit)
As you read the scroll of fog, it crumbles to dust.
The scroll dissolves into smoke.
The insubstantial wisp blinks!
You puncture the insubstantial wisp!
The insubstantial wisp is heavily damaged.
The insubstantial wisp blinks!
Drink which item? (? for menu, Esc to quit)
Okay, then.
Read which item? (? for menu, Esc to quit)
As you read the scroll of fog, it crumbles to dust.
The scroll dissolves into smoke.
The wind drake exhales a fierce blast of wind!
The wind drake summons a great blast of wind!
You slam into the translucent unnaturally hard rock wall!
You die...

≈≈≈≈≈≈≈≈≈≈≈≈≈≈≈≈≈≈
≈≈≈≈≈≈≈≈≈≈≈≈≈≈≈≈≈≈≈≈≈
≈≈≈≈≈≈≈≈≈≈≈≈≈≈≈≈≈≈≈≈≈≈
≈≈≈≈≈≈≈≈≈≈≈≈≈≈≈≈≈≈≈≈≈≈≈≈
≈≈≈≈≈≈≈≈≈≈≈≈≈≈≈≈≈≈≈≈≈≈≈≈≈
≈≈≈≈≈≈≈≈≈≈≈≈≈≈≈≈≈≈≈≈≈≈≈≈≈§
≈≈≈≈≈≈≈≈≈≈≈≈≈≈≈≈≈≈≈≈≈≈≈≈≈§§
▓▓▓▓▓▓▓▓▓▓▓▓▓▓▓▓▓▓≈≈≈≈§≈≈§§§
............v.§§@▓▓▓≈≈§≈§≈≈§§
≈≈≈≈≈≈≈≈≈≈≈≈≈≈§§k§§▓▓▓§§§§≈≈§≈
###############§§§§..▓▓§§§§§§§
#≈≈≈≈≈..▓§§§§§≈§≈ #
#≈≈≈≈≈≈.▓▓§§§§§§≈ .§§§
#≈≈≈≈≈≈..▓§§§§§§§ ...§§
#≈≈≈≈≈≈≈.▓▓v§§§≈≈≈
....§§.#≈≈≈≈≈≈≈..▓§§§§§≈≈
..§..§†§.........▓§§§§§≈≈


You could see a wind drake.

Vanquished Creatures
  Saint Roka (Orc:4)
  A deep elf blademaster (Elf:2)
  Kirke (Lair:6)
  Donald (Orc:4)
  Maud (Orc:4)
  A deep elf sorcerer (Elf:2)
  An orc warlord (Orc:4)
  A deep elf demonologist (Elf:1)
  2 dire elephants (Lair:8)
  2 deep elf annihilators (Elf:2)
  A deep elf death mage (Elf:2)
  A deep elf high priest (Elf:2)
  Harold (D:11)
  2 hydras
  2 catoblepae
  The ghost of Shenaniganizer the Unseen, a powerful OpAs of Dithmenos (D:10)
  13 dancing weapons (Elf:2)
  10 death yaks
  5 spriggan berserkers (Elf:2)
  An orc high priest (Orc:4)
  Urug (D:10)
  Sonja (Lair:3)
  Nergalle (Orc:1)
  A small abomination (Elf:2)
  5 skeletal warriors (D:11)
  A sun demon (Lair:8)
  14 deep elf knights
  A wizard (Lair:8)
  14 deep elf conjurers
  An orc knight (Orc:4)
  16 deep elf summoners
  A griffon (Lair:8)
  A sixfirhy (Lair:8)
  5 orc sorcerers
  11 elephants
  13 black mambas
  Maurice (D:10)
  A queen ant (Lair:8)
  Joseph (D:7)
  A gargoyle (Orc:1)
  A siren (Lair:5)
  A torpor snail (Lair:8)
  The ghost of FedoraBrony69 the Thaumaturge, an experienced DECj (Ossuary)
  13 spiny frogs
  A smoke demon (Lair:8)
  2 orange demons (Lair:8)
  7 komodo dragons
  5 fire drakes
  A kobold demonologist (D:11)
  7 wind drakes (WizLab)
  A polar bear (Lair:8)
  A two-headed ogre (D:10)
  5 blue devils (Lair:8)
  3 red devils (Lair:8)
  13 deep elf priests
  3 fire vortices (D:11)
  5 trolls
  7 blink frogs
  A wyvern (D:8)
  3 tarantellas (Elf:1)
  2 redbacks (Elf:1)
  A wraith (D:11)
  34 air elementals (WizLab)
  28 deep elf fighters
  4 fire bats (D:11)
  2 basilisks
  23 deep elf magi
  A hog (Lair:6)
  A hungry ghost (D:11)
  17 yaks
  8 hippogriffs
  A steam dragon (D:7)
  7 wargs
  10 insubstantial wisps (WizLab)
  A hell hound (D:11)
  3 ice beasts
  6 soldier ants (Lair:8)
  10 porcupines
  4 sky beasts
  17 water moccasins
  39 orc warriors
  21 wolves
  The ghost of phoenixzeus the Chopper, an average MiFi of Zin (D:4)
  A black bear (D:11)
  2 wasps
  11 ogres
  10 centaurs
  3 phantoms
  A boring beetle (Lair:8)
  19 crocodiles
  2 elf zombies (Ossuary)
  Blork the orc (D:5)
  A big kobold (D:10)
  17 giant frogs
  2 gnoll sergeants (D:8)
  A wyvern zombie (D:10)
  6 scorpions
  6 electric eels
  2 wights (D:6)
  10 killer bees
  6 centaur zombies
  5 goliath beetles
  2 jellies
  2 lava snakes (D:11)
  7 crimson imps
  A human zombie (Ossuary)
  Crazy Yiuf (D:7)
  A giant frog skeleton (D:8)
  5 hounds
  8 iguanas
  37 orc wizards
  27 orc priests
  4 centaur skeletons
  Natasha (thrice) (D:3)
  2 spectral orcs (Orc:1)
  A killer bee zombie (D:10)
  6 sheep
  28 worker ants
  A hound skeleton (D:11)
  3 mummies
  Robin (D:3)
  12 gnolls
  90 river rats
  10 adders
  12 white imps (Lair:3)
  2 shadow imps
  2 adder zombies (Ossuary)
  2 adder skeletons
  4 worms
  6 giant geckos
  235 orcs
  18 bats
  7 giant cockroaches
  28 goblins
  21 hobgoblins
  6 jackals
  15 kobolds
  5 quokkas
  3 ball pythons
  A giant cockroach zombie (D:6)
  5 giant newts
  A giant spore (D:11)
  A goblin zombie (Ossuary)
  5 hobgoblin zombies (Ossuary)
  A jackal zombie (Ossuary)
  7 kobold zombies (Ossuary)
  12 orc zombies (Ossuary)
  14 rats
  A rat zombie (Ossuary)
  12 ballistomycetes
  A fungus (Lair:4)
1247 creatures vanquished.

Vanquished Creatures (others)
  A spriggan berserker (Elf:2)
  A spiny frog (Lair:8)
  A worker ant (Lair:8)
  An orc (Orc:1)
  A giant spore (D:10)
  8 fungi
  5 plants
18 creatures vanquished.

Grand Total: 1265 creatures vanquished

Notes
Turn   | Place    | Note
--------------------------------------------------------------
     0 | D:1      | FedoraBrony69, the Deep Elf Conjurer, began the quest for the Orb.
     0 | D:1      | Reached XP level 1. HP: 10/10 MP: 6/6
   136 | D:1      | Reached XP level 2. HP: 15/15 MP: 6/8
   727 | D:2      | Reached skill level 5 in Conjurations
   772 | D:2      | Reached XP level 3. HP: 15/19 MP: 1/10
  1338 | D:3      | Reached XP level 4. HP: 24/24 MP: 5/12
  1408 | D:3      | Noticed Natasha
  1413 | D:3      | Killed Natasha
  1479 | D:3      | Noticed Natasha
  1483 | D:3      | Killed Natasha
  1483 | D:3      | Reached skill level 5 in Spellcasting
  1562 | D:3      | Noticed Natasha
  1563 | D:3      | Killed Natasha
  1641 | D:3      | Found a shadowy altar of Dithmenos.
  1652 | D:3      | Reached XP level 5. HP: 19/28 MP: 0/14
  1705 | D:3      | Learned a level 5 spell: Iskenderun's Battlesphere
  1710 | D:3      | Learned a level 4 spell: Iskenderun's Mystic Blast
  1995 | D:3      | Noticed Robin
  1999 | D:3      | Killed Robin
  1999 | D:3      | Reached skill level 6 in Conjurations
  2054 | D:3      | Reached skill level 1 in Charms
  2493 | D:4      | Found a staircase to the Ecumenical Temple.
  2522 | Temple   | Entered the Ecumenical Temple
  2638 | D:4      | Noticed a phantom
  2646 | D:4      | Killed a phantom
  2646 | D:4      | Reached XP level 6. HP: 32/32 MP: 16/16
  2657 | D:4      | Found Huefif's Assorted Antiques.
  2669 | D:4      | Bought a scroll labeled VEOSOU XOZXOKH for 31 gold pieces
  2669 | D:4      | Bought a scroll labeled YHORAG MOYRCHIC for 31 gold pieces
  2669 | D:4      | Bought a scroll labeled GOTZATRINE for 31 gold pieces
  2669 | D:4      | Bought a scroll labeled JAARPH BEGAGUO for 31 gold pieces
  2726 | D:4      | Noticed phoenixzeus's ghost (average MiFi)
  2733 | D:4      | Killed phoenixzeus's ghost
  3024 | D:4      | Found Hyfuugem's Antique Weapon Shoppe.
  3405 | D:5      | Entered Level 5 of the Dungeon
  3495 | D:5      | Noticed Blork the orc
  3571 | D:5      | Killed Blork the orc
  3571 | D:5      | Reached skill level 5 in Charms
  3571 | D:5      | Reached XP level 7. HP: 36/36 MP: 18/18
  3706 | D:5      | Found a blossoming altar of Fedhas.
  3799 | D:5      | Reached skill level 7 in Conjurations
  4006 | D:5      | Found an iron altar of Okawaru.
  4007 | D:5      | Found a shimmering altar of Xom.
  4038 | D:5      | Found a glowing golden altar of the Shining One.
  4038 | D:5      | Found an opulent altar of Gozag.
  4291 | D:6      | Found a sparkling altar of Nemelex Xobeh.
  4458 | D:6      | Reached XP level 8. HP: 41/41 MP: 21/21
  4587 | D:6      | Reached skill level 8 in Spellcasting
  4686 | D:6      | Gained mutation: You passively map a small area around you. [mutagenic meat]
  4688 | D:6      | Gained mutation: You can breathe flames. [mutagenic meat]
  4689 | D:6      | Gained mutation: You can breathe fire. [mutagenic meat]
  4690 | D:6      | Gained mutation: Your magical capacity is low (-10% MP). [mutagenic meat]
  4718 | D:6      | Reached skill level 9 in Spellcasting
  5101 | D:6      | Found an iron altar of Okawaru.
  5339 | D:7      | Noticed Crazy Yiuf
  5344 | D:7      | Killed Crazy Yiuf
  5379 | D:7      | Noticed Joseph
  5393 | D:7      | Killed Joseph
  5393 | D:7      | Reached skill level 10 in Spellcasting
  5555 | D:7      | Reached XP level 9. HP: 39/45 MP: 19/22
  5685 | D:7      | Learned a level 2 spell: Sublimation of Blood
  5691 | D:7      | Learned a level 5 spell: Bolt of Draining
  5871 | D:7      | Reached skill level 1 in Necromancy
  5932 | D:7      | Found a sacrificial altar of Ru.
  6177 | D:7      | Found a radiant altar of Vehumet.
  6178 | D:7      | Found a burning altar of Makhleb.
  6186 | D:7      | Became a worshipper of Vehumet
  6271 | D:8      | Reached skill level 10 in Conjurations
  6282 | D:8      | Found Sith's Antique Weapon Emporium.
  6339 | D:8      | Found a sand-covered staircase.
  6422 | Ossuary  | Entered an ossuary
  6544 | Ossuary  | Reached skill level 11 in Spellcasting
  6586 | Ossuary  | Acquired Vehumet's first power
  6586 | Ossuary  | Offered knowledge of Shock by Vehumet.
  6609 | Ossuary  | Noticed FedoraBrony69's ghost (experienced DECj)
  6615 | Ossuary  | Killed FedoraBrony69's ghost
  6616 | Ossuary  | Reached skill level 5 in Necromancy
  7241 | D:8      | Reached XP level 10. HP: 50/50 MP: 8/24
  7258 | D:8      | Learned a level 9 spell: Fire Storm
  7407 | D:8      | Offered knowledge of Sting by Vehumet.
  7460 | D:8      | Reached skill level 1 in Fire Magic
  7765 | D:9      | Got a slimy lead ring
  7767 | D:9      | Identified the cursed ring of Iter Ira {rElec Dex-2 Slay+2} (You found it on level 9 of the Dungeon)
  7796 | D:9      | Learned a level 2 spell: Repel Missiles
  7817 | D:9      | Found a white marble altar of Elyvilon.
  7867 | D:9      | Offered knowledge of Stone Arrow by Vehumet.
  8036 | D:9      | Reached skill level 12 in Spellcasting
  8196 | D:9      | Acquired Vehumet's second power
  8399 | D:10     | Entered Level 10 of the Dungeon
  8399 | D:10     | Noticed Maurice
  8403 | D:10     | Killed Maurice
  8429 | D:10     | Found a staircase to the Lair.
  8429 | D:10     | Noticed an elephant
  8449 | D:10     | Reached skill level 1 in Fighting
  8764 | D:10     | Noticed Shenaniganizer's ghost (powerful OpAs)
  8771 | D:10     | Killed Shenaniganizer's ghost
  8771 | D:10     | Reached skill level 5 in Fire Magic
  9234 | D:10     | Offered knowledge of Inner Flame by Vehumet.
  9238 | D:10     | Reached XP level 11. HP: 57/57 MP: 15/26
  9493 | D:10     | Noticed Urug
  9499 | D:10     | Killed Urug
  9657 | D:10     | Reached skill level 5 in Dodging
  9693 | D:10     | Killed an elephant
  9774 | D:10     | Acquired Vehumet's third power
 10226 | Lair:1   | Entered Level 1 of the Lair of Beasts
 10275 | Lair:1   | Offered knowledge of Static Discharge by Vehumet.
 10423 | Lair:1   | Reached skill level 13 in Spellcasting
 11550 | Lair:2   | Offered knowledge of Ozocubu's Refrigeration by Vehumet.
 12091 | Lair:3   | Reached XP level 12. HP: 67/67 MP: 16/28
 12259 | Lair:3   | Noticed Sonja
 12281 | Lair:3   | Killed Sonja
 12283 | Lair:3   | Noticed a five-headed hydra
 12464 | Lair:3   | Found a hole to the Spider Nest.
 12477 | Lair:3   | Noticed a death yak
 12477 | Lair:3   | Noticed a death yak
 12479 | Lair:3   | Noticed a death yak
 12482 | Lair:3   | Noticed a death yak
 12486 | Lair:3   | Noticed a death yak
 12490 | Lair:3   | Killed a death yak
 12494 | Lair:3   | Noticed a death yak
 12508 | Lair:3   | Killed a death yak
 12508 | Lair:3   | Reached skill level 10 in Fire Magic
 12511 | Lair:3   | Killed a death yak
 12511 | Lair:3   | Reached skill level 5 in Fighting
 12887 | Lair:3   | Killed a death yak
 12890 | Lair:3   | Killed a death yak
 12892 | Lair:3   | Killed a death yak
 12892 | Lair:3   | Reached skill level 14 in Spellcasting
 13066 | Lair:3   | Killed a five-headed hydra
 14374 | Lair:4   | Offered knowledge of Bolt of Fire by Vehumet.
 14851 | Lair:4   | Reached XP level 13. HP: 74/74 MP: 30/30
 15441 | D:4      | Bought a pair of encrusted boots for 294 gold pieces
 15446 | D:4      | Identified the +4 pair of boots "Exigh" {rN+ Int-3 Dex+4} (You bought it in a shop on level 4 of the Dungeon)
 15488 | D:4      | Bought a shimmering dagger for 196 gold pieces
 15488 | D:4      | Identified the cursed +2 dagger of Wrath {freeze, -Tele rPois Int-5 SInv} (You bought it in a shop on level 4 of the Dungeon)
 16743 | Lair:5   | Reached skill level 15 in Spellcasting
 17195 | Lair:5   | Reached skill level 10 in Dodging
 17369 | Lair:5   | Found a staircase to the Swamp.
 17459 | Lair:5   | Found a staircase to the Shoals.
 17886 | Lair:6   | Noticed Kirke
 17892 | Lair:6   | Killed Kirke
 19334 | Lair:7   | Offered knowledge of Venom Bolt by Vehumet.
 19913 | Lair:8   | Entered Level 8 of the Lair of Beasts
 20779 | Lair:8   | Found a white marble altar of Elyvilon.
 21207 | Lair:8   | Reached skill level 16 in Spellcasting
 21584 | Lair:8   | Reached XP level 14. HP: 80/80 MP: 17/32
 21912 | Lair:8   | Found a viscous altar of Jiyva.
 21913 | Lair:8   | Found a staircase to the Slime Pits.
 22533 | Lair:8   | Noticed a dire elephant
 22539 | Lair:8   | Killed a dire elephant
 22597 | Lair:8   | Noticed a dire elephant
 22602 | Lair:8   | Killed a dire elephant
 22725 | Lair:8   | Offered knowledge of Iron Shot by Vehumet.
 22843 | Lair:8   | Found a burning altar of Makhleb.
 23090 | Lair:8   | HP: 4/80 [sixfirhy (2)]
 23386 | Lair:8   | Found a gateway to Hell.
 23845 | Lair:1   | Learned a level 6 spell: Iron Shot
 23856 | Lair:1   | Lost mutation: You can breathe fire. [potion of cure mutation]
 23856 | Lair:1   | Lost mutation: You can breathe flames. [potion of cure mutation]
 23856 | Lair:1   | Lost mutation: Your magical capacity is low (-10% MP). [potion of cure mutation]
 23856 | Lair:1   | Lost mutation: You passively map a small area around you. [potion of cure mutation]
 23971 | D:11     | Gained mutation: You have supernaturally acute eyesight. [mutagenic meat]
 23972 | D:11     | Gained mutation: You can spit weak poison. [mutagenic meat]
 23973 | D:11     | Lost mutation: You have supernaturally acute eyesight. [mutagenic meat]
 23974 | D:11     | Gained mutation: Your spells are a little harder to cast, but a little more powerful. [mutagenic meat]
 24296 | D:11     | Found a staircase to the Orcish Mines.
 24541 | D:11     | Reached skill level 17 in Spellcasting
 25229 | D:11     | Noticed Harold
 25232 | D:11     | Killed Harold
 25786 | Orc:1    | Entered Level 1 of the Orcish Mines
 25786 | Orc:1    | Noticed Nergalle
 26010 | D:11     | Offered knowledge of Delayed Fireball by Vehumet.
 26117 | Orc:1    | Killed Nergalle
 26130 | D:11     | Learned a level 7 spell: Delayed Fireball
 26397 | Orc:1    | Found Husafyun's Book Emporium.
 26446 | Orc:1    | Found a roughly hewn altar of Beogh.
 27117 | Orc:3    | Found Hoeniosk's Food Boutique.
 27121 | Orc:3    | Found a staircase to the Elven Halls.
 27207 | Orc:3    | Reached skill level 1 in Armour
 27519 | Orc:3    | Found a roughly hewn altar of Beogh.
 27725 | Orc:4    | Entered Level 4 of the Orcish Mines
 27729 | Orc:4    | Noticed Donald
 27735 | Orc:4    | Killed Donald
 27963 | Orc:4    | Offered knowledge of Bolt of Cold by Vehumet.
 28478 | Orc:4    | Noticed an orc warlord
 28487 | Orc:4    | Killed an orc warlord
 28487 | Orc:4    | Reached skill level 15 in Conjurations
 28487 | Orc:4    | Reached XP level 15. HP: 60/84 MP: 9/38
 28700 | Orc:4    | Found a roughly hewn altar of Beogh.
 28701 | Orc:4    | Found Larrer's Antique Armour Boutique.
 28820 | Orc:4    | Found Hehahouq's Antique Weapon Shop.
 28840 | Orc:4    | Bought a buckler for 162 gold pieces
 28840 | Orc:4    | Bought a runed robe for 25 gold pieces
 28867 | Orc:4    | Bought a polished trident for 246 gold pieces
 28941 | Orc:4    | Found a roughly hewn altar of Beogh.
 28950 | Orc:4    | Identified the +7 trident of Premature Burial {venom, rF+ MR+ Int+4} (You bought it in a shop on level 4 of the Orcish Mines)
 29142 | Orc:4    | Noticed Saint Roka
 29460 | Orc:4    | Killed Saint Roka
 29528 | Orc:4    | Found a roughly hewn altar of Beogh.
 29631 | Orc:4    | Found a roughly hewn altar of Beogh.
 29642 | Orc:4    | Found Uteo's Gadget Shoppe.
 29714 | Orc:4    | Found a roughly hewn altar of Beogh.
 29734 | Orc:4    | Noticed Maud
 29739 | Orc:4    | Killed Maud
 29739 | Orc:4    | Offered knowledge of Orb of Destruction by Vehumet.
 29753 | Orc:4    | Found a roughly hewn altar of Beogh.
 29782 | Orc:4    | Found a roughly hewn altar of Beogh.
 29789 | Orc:4    | Found Boomub's Magic Scroll Emporium.
 29800 | Orc:4    | Bought a scroll of identify for 28 gold pieces
 29800 | Orc:4    | Bought a scroll of identify for 28 gold pieces
 29800 | Orc:4    | Bought a scroll of identify for 28 gold pieces
 29800 | Orc:4    | Bought a scroll of identify for 28 gold pieces
 30580 | Orc:3    | Gained mutation: You have a pair of small horns on your head. [potion of mutation]
 30580 | Orc:3    | Gained mutation: Your magical capacity is low (-10% MP). [potion of mutation]
 30580 | Orc:3    | Gained mutation: You expend magic power (3 MP) to strengthen your wands. [potion of mutation]
 30581 | Orc:3    | Lost mutation: Your spells are a little harder to cast, but a little more powerful. [potion of cure mutation]
 30581 | Orc:3    | Lost mutation: Your magical capacity is low (-10% MP). [potion of cure mutation]
 30581 | Orc:3    | Lost mutation: You expend magic power (3 MP) to strengthen your wands. [potion of cure mutation]
 30581 | Orc:3    | Lost mutation: You have a pair of small horns on your head. [potion of cure mutation]
 30581 | Orc:3    | Lost mutation: You can spit weak poison. [potion of cure mutation]
 30823 | Orc:1    | Learned a level 7 spell: Orb of Destruction
 30893 | Orc:1    | Offered knowledge of Lehudib's Crystal Spear by Vehumet.
 30893 | Orc:1    | Offered knowledge of Shatter by Vehumet.
 30893 | Orc:1    | Offered knowledge of Tornado by Vehumet.
 31149 | Orc:4    | Bought a scroll of amnesia for 49 gold pieces
 31412 | Elf:1    | Entered Level 1 of the Elven Halls
 32531 | Elf:1    | Identified Adedeifa's Volume of Calling
 32777 | Elf:1    | Learned a level 1 spell: Summon Butterflies
 32866 | Elf:1    | Reached skill level 5 in Shields
 34047 | Elf:2    | Got a translucent flail
 34789 | Elf:2    | Reached XP level 16. HP: 64/88 MP: 26/39
 34986 | Elf:2    | Found a runed gate.
 34987 | Elf:2    | Found a runed gate.
 34988 | Elf:2    | Found a runed gate.
 35302 | Elf:2    | Found a bloodstained altar of Trog.
 35318 | Elf:2    | HP: 4/88 [spriggan berserker/antimagic quarterstaff (24)]
 35760 | Elf:2    | Noticed a deep elf blademaster
 35764 | Elf:2    | Killed a deep elf blademaster
 35764 | Elf:2    | Reached skill level 18 in Conjurations
 36763 | Elf:3    | Entered Level 3 of the Elven Halls
 36772 | Elf:3    | Reached skill level 19 in Conjurations
 37050 | Elf:3    | Found a magical portal.
 37076 | WizLab   | Entered The Chambers of Gakarir the Cloud Mage
 38337 | WizLab   | HP: 1/88 [wind drake/the air (10)]
 38344 | WizLab   | Collided with a translucent unnaturally hard rock wall

Action                   |  1- 3 |  4- 6 |  7- 9 | 10-12 | 13-15 | 16-18 || total
-------------------------+-------+-------+-------+-------+-------+-------++-------
Melee: Short sword       |     7 |     8 |       |       |       |       ||    15
       Staff             |       |     4 |     4 |   137 |    37 |       ||   182
       Trident           |       |       |       |       |       |     2 ||     2
 Cast: Magic Dart        |    89 |   146 |   192 |    78 |       |       ||   505
       Iskenderun's Myst |       |    16 |    83 |   287 |   749 |   159 ||  1294
       Iskenderun's Batt |       |     1 |    17 |    31 |    46 |    22 ||   117
       Bolt of Draining  |       |       |       |    43 |   252 |    25 ||   320
       Repel Missiles    |       |       |       |     3 |     3 |       ||     6
       Sublimation of Bl |       |       |       |       |    11 |    10 ||    21
       Delayed Fireball  |       |       |       |       |    13 |     2 ||    15
       Orb of Destructio |       |       |       |       |     1 |     3 ||     4
 Abil: Breathe Fire      |       |       |     5 |     3 |     1 |       ||     9
       Release Delayed F |       |       |       |       |    12 |     3 ||    15
Evoke: Wand              |       |       |       |       |       |     2 ||     2
  Use: Scroll            |       |       |     7 |    15 |    18 |     4 ||    44
       Potion            |       |       |       |     1 |    12 |     3 ||    16
 Stab: Sleeping          |       |     1 |       |       |       |       ||     1
  Eat: Chunk             |     1 |     8 |    19 |    28 |    71 |     6 ||   133
       Pizza             |       |       |     2 |       |     2 |       ||     4
       Beef jerky        |       |       |       |     1 |     2 |       ||     3
       Fruit             |       |       |       |       |       |     6 ||     6
